 Dungeon Crawl Stone Soup version 0.24-a0-584-g9d6b971ae4 (webtiles) character file.

Game seed: 12157297309152098647, levelgen mode: deterministic

1540 MordorOrchid the Gouger (level 8, -13/40 HPs)
             Began as a Felid Transmuter on Aug 31, 2019.
             Was a Priest of Cheibriados.
             Mangled by Gastronok (26 damage)
             ... on level 8 of the Dungeon on Sept 1, 2019.
             The game lasted 00:40:11 (6850 turns).

MordorOrchid the Gouger (Felid Transmuter)          Turns: 6850, Time: 00:40:11

Health: -13/40     AC:  6    Str: 18    XL:     8   Next: 56%
Magic:  14/16      EV: 23    Int: 25    God:    Cheibriados [***...]
Gold:   714        SH:  0    Dex: 34    Spells: 2/17 levels left
                                        Lives:  0   Deaths: 3

rFire    x . .     SeeInvis +     - Unarmed
rCold    + + +     Gourm    .   (shield unavailable)
rNeg     . . .     Faith    .   (armour unavailable)
rPois    +         Spirit   .   (helmet unavailable)
rElec    .         Reflect  .   (cloak unavailable)
rCorr    .         Harm     .   (gloves unavailable)
MR       +....                  (boots unavailable)
Stlth    +++++.....             v - amulet of regeneration
HPRegen  0.53/turn              d - +5 ring of dexterity
MPRegen  0.15/turn              z - ring of wizardry

@: mighty, agile, ice-form (expiring), very slightly contaminated, slowed,
invisible, very slow
A: large, no armour, no weapons or thrown items, stealth, see invisible,
carnivore, slow metabolism 1
a: End Transformation, Bend Time, Temporal Distortion, Renounce Religion


You were on level 8 of the Dungeon.
You worshipped Cheibriados.
Cheibriados was most pleased with you.
You were very full.
You were a creature of crystalline ice.
You visited 2 branches of the dungeon, and saw 9 of its levels.
You also visited: Sewer and Ossuary.

You collected 714 gold pieces.

Inventory:

Missiles
 a - 111 arrows
Jewellery
 d - a +5 ring of dexterity (left front paw)
 f - a +2 ring of dexterity
 i - an uncursed ring of protection from cold
 l - an uncursed ring of magical power
 v - an amulet of regeneration (around neck)
 z - a ring of wizardry (right front paw)
Wands
 h - a wand of iceblast (12)
 o - a wand of acid (11)
Scrolls
 g - 3 scrolls of remove curse
 j - a scroll of amnesia
 p - 2 scrolls of fog
 q - 2 scrolls of identify
 r - 5 scrolls of fear
 t - 2 scrolls of noise
 y - 2 scrolls of teleportation
Potions
 b - a potion of mutation
 e - 2 potions of agility
 k - 5 potions of brilliance
 m - a potion of lignification
 n - a potion of might
 s - 8 potions of curing
 w - 2 potions of resistance
 x - a potion of cancellation
 A - a potion of ambrosia
 B - a potion of invisibility
 C - 4 potions of flight
Miscellaneous
 D - a phial of floods (inert)
Comestibles
 c - 17 rations


   Skills:
 * Level 3.5 Fighting
 * Level 7.6 Dodging
 - Level 6.0 Stealth
 + Level 8.6 Unarmed Combat
 - Level 5.0 Spellcasting
 - Level 5.0 Transmutations
 - Level 3.0 Ice Magic
 - Level 1.1 Poison Magic
 * Level 4.4 Invocations
 * Level 4.8 Evocations


You had 2 spell levels left.
You knew the following spells:

 Your Spells              Type           Power        Failure   Level  Hunger
a - Beastly Appendage     Tmut           ####..       1%          1    None
b - Ice Form              Ice/Tmut       ####....     6%          4    ####...
c - Spider Form           Tmut/Pois      ###.......   2%          3    ##.....
e - Blade Hands           Tmut           ####......   12%         5    #####..
s - Sticks to Snakes      Tmut           ####....     1%          2    None

Your spell library contained the following spells:

 Spells                   Type           Power        Failure   Level  Hunger


Dungeon Overview and Level Annotations

Branches:
Dungeon (8/15)             Temple (1/1) D:5           Sewer (visited)
Ossuary (visited)
   Lair: D:8-11

Altars:
Ashenzari
Cheibriados
Dithmenos
Elyvilon
Fedhas
Gozag
Hepliaklqana
Kikubaaqudgha
Makhleb
Nemelex Xobeh
Okawaru
Qazlal
Ru
Sif Muna
Trog
Uskayaw
Vehumet
Wu Jian
Xom
Yredelemnul
Zin
The Shining One
Jiyva

Annotations:
D:6 1 runed translucent door, Thantalas's ghost, novice DsFE
D:8 3 runed translucent doors, Gastronok; Stiffzip's ghost, novice HOFi


Innate Abilities, Weirdness & Mutations

You cannot wear armour.
You are incapable of wielding weapons or throwing items.
Your paws allow you to move quietly. (Stealth)
((You have sharp claws.))
((You have razor-sharp teeth.))
You have supernaturally acute eyesight. (SInv)
You are carnivorous and can eat meat at any time.
((You cover ground quickly.))
((You are covered in thick fur. (AC +2)))
You have a slow metabolism.
((Your sharp claws are effective at attacking unaware monsters.))


Message History

Gastronok is lightly wounded.
Gastronok casts a spell at you.
You feel yourself slow down.
You hit Gastronok. You freeze Gastronok.
Gastronok is lightly wounded.
You hit Gastronok. You freeze Gastronok.
Gastronok is moderately wounded.
Gastronok bites you!!
Ouch! That really hurt!
* * * LOW HITPOINT WARNING * * *
You pummel Gastronok!! You freeze Gastronok.
Gastronok is heavily wounded.
You pummel Gastronok!! You freeze Gastronok.
Gastronok is severely wounded.
Gastronok barely misses you.
You pummel Gastronok!! You freeze Gastronok.
Gastronok is almost dead.
Gastronok bites you!!
Ouch! That really hurt!
You die...

#.......######.#
######### #.# #
######.###### #
#####...##......# # #
#.......##.#.##.#####
#
#..........#.##......
#
#......รท...#........
### #.....#....w..#
.. ..#
#.......##.#Y##.# #.#
#####...##......# #.#
########.#### #.# #.#
#.# ### #.# #. #.#
#.# ######.# ###.
#.####/#>##......##
...
#.....###!..#####.##
#### #.
######.#.#######...#
... #.


You could see Gastronok.

Vanquished Creatures
  Joseph (D:7)
  Sigmund (D:2)
  A spriggan (D:7)
  4 yaks
  Eustachio (D:6)
  2 water moccasins
  2 ice beasts
  A black bear (D:8)
  2 phantoms
  4 centaurs
  A big kobold (D:7)
  A bullfrog (D:7)
  3 scorpions
  8 killer bees
  3 wights (D:7)
  4 howler monkeys
  4 crimson imps
  3 orc priests
  2 hounds
  3 orc wizards
  A bullfrog skeleton (D:5)
  Jessica (D:2)
  Ijyb (D:4)
  5 iguanas
  7 worker ants
  2 big kobold zombies (Ossuary)
  A hound skeleton (D:4)
  8 mummies (Ossuary)
  A howler monkey zombie (D:6)
  Robin (D:2)
  4 gnolls (D:8)
  3 river rats
  16 adders
  A shadow imp (D:5)
  An ooze (D:3)
  2 adder zombies (D:5)
  2 adder skeletons
  6 worms
  2 dart slugs (D:1)
  6 leopard geckos
  19 orcs
  6 ball pythons
  8 giant cockroaches
  13 goblins
  8 hobgoblins
  4 jackals (D:3)
  4 quokkas
  5 bats
  6 frilled lizards
  A giant cockroach zombie (D:5)
  2 gnoll zombies (Ossuary)
  A hobgoblin zombie (Ossuary)
  11 kobolds
  2 leopard gecko zombies (D:6)
  An orc zombie (Ossuary)
  A quokka skeleton (D:6)
  29 rats
243 creatures vanquished.

Vanquished Creatures (collateral kills)
  2 yaks
  A merfolk siren (Sewer)
  A merfolk avatar (Sewer)
  An adder (Sewer)
  A ball python (Sewer)
  A hobgoblin zombie (Ossuary)
  A kobold zombie (Ossuary)
8 creatures vanquished.

Grand Total: 251 creatures vanquished

Notes
Turn   | Place    | Note
-------+----------+-------------------------------------------
     0 | D:1      | MordorOrchid the Felid Transmuter began the quest for the
                  | Orb.
     0 | D:1      | Reached XP level 1. HP: 9/9 MP: 4/4
    86 | D:1      | Reached skill level 1 in Stealth
   290 | D:1      | Reached XP level 2. HP: 6/12 MP: 4/6
   294 | D:1      | Learned a level 2 spell: Sticks to Snakes
  1008 | D:2      | Noticed Jessica
  1132 | D:2      | Killed Jessica
  1132 | D:2      | Reached XP level 3. HP: 15/15 MP: 5/7
  1138 | D:2      | Learned a level 3 spell: Spider Form
  1154 | D:2      | Noticed Sigmund
  1165 | D:2      | Killed Sigmund
  1165 | D:2      | Reached skill level 5 in Stealth
  1165 | D:2      | Reached skill level 1 in Poison Magic
  1165 | D:2      | Reached XP level 4. HP: 1/19 MP: 6/8
  1165 | D:2      | Reached XP level 5. HP: 2/22 MP: 6/9
  1394 | D:2      | Noticed Robin
  1414 | D:2      | Reached skill level 4 in Unarmed Combat
  1447 | D:2      | HP: 1/22 [poisoned by an adder]
  1447 | D:2      | Slain by Robin
  1448 | D:2      | Reached XP level 4. HP: -5/19 MP: 3/8
  1493 | D:2      | Reached XP level 5. HP: 22/22 MP: 2/9
  1518 | D:2      | Killed Robin
  1564 | D:2      | Found a faded altar of an unknown god.
  1665 | D:2      | Found a blossoming altar of Fedhas.
  2160 | D:3      | Gained mutation: You are covered in thick fur. (AC +2)
                  | [Felid growth]
  2160 | D:3      | Reached XP level 6. HP: 20/25 MP: 7/11
  2377 | D:3      | Learned a level 4 spell: Ice Form
  2624 | D:4      | Reached skill level 1 in Ice Magic
  2624 | D:4      | Reached XP level 7. HP: 28/28 MP: 12/12
  2925 | D:4      | Noticed Ijyb
  3097 | D:4      | Killed Ijyb
  3252 | D:5      | Entered Level 5 of the Dungeon
  3270 | D:5      | Reached skill level 5 in Unarmed Combat
  3337 | D:5      | Found a staircase to the Ecumenical Temple.
  3345 | Temple   | Entered the Ecumenical Temple
  3405 | Temple   | Became a worshipper of Cheibriados the Contemplative
  3559 | D:5      | Found an ornate altar of the Wu Jian Council.
  3688 | D:5      | Reached skill level 1 in Invocations
  3688 | D:5      | Reached skill level 1 in Evocations
  3711 | D:5      | Found an ancient bone altar of Kikubaaqudgha.
  3856 | D:5      | Reached skill level 5 in Dodging
  4052 | D:6      | Noticed Eustachio
  4069 | D:6      | Reached XP level 8. HP: 11/32 MP: 10/14
  4108 | D:6      | Killed Eustachio
  4155 | D:6      | Reached * piety under Cheibriados
  4174 | D:6      | Found a glowing drain.
  4230 | D:6      | Found a sand-covered staircase.
  4237 | Ossuary  | Entered an ossuary
  4263 | Ossuary  | Reached skill level 6 in Unarmed Combat
  4484 | Sewer    | Entered a sewer
  4686 | Sewer    | Reached ** piety under Cheibriados
  4800 | Sewer    | Learned a level 5 spell: Blade Hands
  4857 | D:6      | Reached skill level 5 in Transmutations
  5041 | D:6      | Found a runed translucent door.
  5041 | D:6      | Noticed Thantalas's ghost (novice DsFE)
  5212 | D:6      | Reached *** piety under Cheibriados
  5295 | D:7      | Noticed Joseph
  5313 | D:7      | Killed Joseph
  5313 | D:7      | Reached XP level 9. HP: 18/35 MP: 11/17
  5336 | D:7      | Reached skill level 5 in Spellcasting
  5416 | D:7      | Reached skill level 7 in Unarmed Combat
  5457 | D:7      | Found a blossoming altar of Fedhas.
  5492 | D:7      | Found a shattered altar of Ashenzari.
  6116 | D:6      | Reached skill level 8 in Unarmed Combat
  6335 | D:7      | Reached XP level 10. HP: 42/42 MP: 16/18
  6449 | D:8      | Noticed Gastronok
  6464 | D:8      | Slain by Gastronok
  6465 | D:8      | Reached XP level 9. HP: -3/38 MP: 13/17
  6478 | D:8      | Noticed a troll
  6489 | D:8      | Slain by a killer bee
  6490 | D:8      | Reached XP level 8. HP: -2/40 MP: 15/16
  6728 | D:8      | Found a runed translucent gate.
  6729 | D:8      | Found a runed translucent gate.
  6730 | D:8      | Found a runed translucent gate.
  6731 | D:8      | Noticed a slime creature
  6732 | D:8      | Noticed a slime creature
  6732 | D:8      | Noticed a slime creature
  6733 | D:8      | Found a viscous altar of Jiyva.
  6733 | D:8      | Noticed Stiffzip's ghost (novice HOFi)
  6850 | D:8      | Mangled by Gastronok

Levels and vault maps discovered:
D:1:      nagdon_arrival_zigzag_paths, layout_basic
D:2:      layout_rooms, chequers_ecumenical_altar_simple, fedhas_altar_4,
          uniq_jessica, uniq_robin, uniq_sigmund
D:3:      layout_basic
D:4:      layout_loops_corners, first_ration, minmay_diced_spiral, uniq_ijyb
D:5:      layout_basic, kennysheep_little_box, nicolae_overflow_crystal_walls,
          minmay_temple_entry_glassed_door
D:6:      layout_basic, ebering_ghost_inner_flame, chequers_ossuary_entry_cave,
          portal_sewer_entry_a, grunt_ministairs_13, kennysheep_generic_room_9,
          uniq_eustachio
D:7:      layout_basic, minitemple, the_bakery, uniq_joseph
D:8:      layout_loops_cross, gammafunk_ghost_ooze, uniq_maurice, uniq_gastronok
Temple:   hc_temple_tempest_star

Skill      XL: |  1  2  3  4  5  6  7  8  9 |
---------------+----------------------------+-----
Stealth        | 2 4 5 6 |  6.0
Dodging        | 3 4 5 6 7 |  7.6
Poison Magic   | 1 |  1.1
Unarmed Combat | 4 5 6 8 |  8.6
Transmutations | 3 4 5 |  5.0
Spellcasting   | 3 4 5 |  5.0
Ice Magic      | 1 3 |  3.0
Invocations    | 1 2 4 |  4.4
Evocations     | 1 3 4 |  4.8
Fighting       | 3 |  3.5

Action                   |  1- 3 |  4- 6 |  7- 9 | 10-12 || total
-------------------------+-------+-------+-------+-------++-------
Melee: Unarmed           |    49 |   159 |   426 |    22 ||   656
       Headbutt          |     6 |     6 |    22 |       ||    34
       Bite              |     3 |     7 |    31 |     4 ||    45
       Punch             |     2 |     1 |     5 |       ||     8
 Cast: Beastly Appendage |     9 |     9 |    15 |       ||    33
       Spider Form       |       |    16 |    19 |       ||    35
       Sticks to Snakes  |       |     2 |    16 |       ||    18
       Ice Form          |       |       |    14 |     1 ||    15
       Blade Hands       |       |       |     2 |       ||     2
Invok: Bend Time         |       |       |     8 |     4 ||    12
       Temporal Distorti |       |       |     3 |       ||     3
Evoke: Phial of floods   |       |       |     1 |       ||     1
  Use: Potion            |     2 |     1 |     4 |     3 ||    10
       Scroll            |       |    11 |     9 |       ||    20
 Stab: Sleeping          |     6 |    16 |    29 |       ||    51
       Invisible         |     1 |       |       |       ||     1
       Distracted        |       |     2 |     4 |       ||     6
  Eat: Chunk             |     8 |    10 |    16 |       ||    34
Armor: Skin              |     1 |     7 |    24 |     5 ||    37
Dodge: Dodged            |    24 |   106 |   372 |    41 ||   543

Table legend:
 A = Non-vault XP
 B = Vault XP
 C = Vault XP percentage of total XP
 D = Non-vault monster count
 E = Vault monster count
 F = Vault count percentage of total count
                 A         B        C        D         E       F
            +---------+---------+-------+---------+---------+-------
      Total |    4999 |    1810 |  26.6 |     168 |      83 |  33.1
            +---------+---------+-------+---------+---------+-------
        D:1 |      30 |       0 |   0.0 |      16 |       0 |   0.0
        D:2 |     171 |     282 |  62.3 |      20 |      14 |  41.2
        D:3 |     125 |       0 |   0.0 |      25 |       0 |   0.0
        D:4 |     319 |      77 |  19.4 |      16 |       3 |  15.8
        D:5 |     525 |       0 |   0.0 |      18 |       0 |   0.0
        D:6 |    1009 |     413 |  29.0 |      25 |       9 |  26.5
        D:7 |    1924 |     687 |  26.3 |      30 |       2 |   6.2
        D:8 |     896 |       0 |   0.0 |      18 |       0 |   0.0
      Sewer |       0 |     153 | 100.0 |       0 |      39 | 100.0
    Ossuary |       0 |     198 | 100.0 |       0 |      16 | 100.0
            +---------+---------+-------+---------+---------+-------
